 Dungeon Crawl Stone Soup version 0.23.2 (webtiles) character file.

Game seed: 13441156202848534916

162 Menchi the Sneak (level 5, -2/30 HPs)
             Began as a Kobold Assassin on Apr 9, 2019.
             Was an Initiate of Dithmenos.
             Killed from afar by an orc wizard (8 damage)
             ... with a magic dart
             ... on level 4 of the Dungeon.
             The game lasted 00:06:17 (3194 turns).

Menchi the Sneak (Kobold Assassin)                  Turns: 3194, Time: 00:06:18

Health: -2/30      AC:  6    Str:  8    XL:     5   Next: 71%
Magic:  5/5        EV: 16    Int: 12    God:    Dithmenos [......]
Gold:   74         SH:  0    Dex: 18    Spells: 4/4 levels left

rFire    . . .     SeeInvis .   a - +2 dagger
rCold    . . .     Gourm    .   (shield restricted)
rNeg     . . .     Faith    .   c - +0 robe
rPois    .         Spirit   .   (no helmet)
rElec    .         Reflect  .   d - +0 cloak
rCorr    .         Harm     .   (no gloves)
MR       .....                  m - +2 pair of boots
Stlth    ++++......             (no amulet)
HPRegen  0.10/turn              (no ring)
MPRegen  0.09/turn              (no ring)

@: no status effects
A: small, carnivore
a: Renounce Religion


You were on level 4 of the Dungeon.
You worshipped Dithmenos.
Dithmenos was noncommittal.
You were very full.

You visited 2 branches of the dungeon, and saw 5 of its levels.

You collected 74 gold pieces.

Inventory:

Hand Weapons
 a - a +2 dagger (weapon)
 b - a +0 blowgun
Missiles
 e - 33 poisoned needles
 f - 2 curare-tipped needles
Armour
 c - a +0 robe (worn)
 d - a +0 cloak (worn)
 m - a +2 pair of boots (worn)
 r - a +0 buckler
Wands
 s - a wand of digging (5)
Scrolls
 i - a scroll of enchant armour {unknown}
 j - 2 scrolls of teleportation {unknown}
 k - 2 scrolls of remove curse {unknown}
 l - 2 scrolls of identify {unknown}
 o - 3 scrolls of enchant weapon {unknown}
 p - 2 scrolls of blinking {unknown}
 t - a scroll of magic mapping {unknown}
 w - a scroll of amnesia {unknown}
Potions
 h - a potion of curing {unknown}
 n - a potion of agility {unknown}
 q - a potion of mutation {unknown}
 u - 2 potions of flight {unknown}
 v - a potion of brilliance {unknown}
 x - a potion of haste {unknown}
Comestibles
 g - 4 rations


   Skills:
 - Level 2.1 Fighting
 * Level 4.5 Short Blades
 - Level 2.1 Throwing
 * Level 2.7 Dodging
 * Level 7.4 Stealth
 * Level 0.3 Shields


You had 4 spell levels left.
You didn't know any spells.
Your spell library contained the following spells:

 Spells                   Type           Power        Failure   Level  Hunger
 Confusing Touch          Hex            #.....       32%         1    ##.....
 Confuse                  Hex            #.......     69%         3    ####...
 Gell's Gravitas          Tloc           #.........   69%         3    ####...
 Petrify                  Tmut/Erth      #.......     97%         4    #####..
 Metabolic Englaciation   Hex/Ice        #.........   100%        5    ######.
 Yara's Violent Unravell  Hex/Tmut       #.........   100%        5    ######.


Dungeon Overview and Level Annotations

Branches:
Dungeon (4/15)             Temple (1/1) D:4

Altars:
Ashenzari
Cheibriados
Dithmenos
Elyvilon
Gozag
Hepliaklqana
Nemelex Xobeh
Qazlal
Ru
Sif Muna
Uskayaw
Vehumet
Wu Jian
Xom
Yredelemnul
Zin
The Shining One

Annotations:
D:4 Menkaure


Innate Abilities, Weirdness & Mutations

You are small and have problems with some larger weapons.
You are carnivorous and can eat meat at any time.


Message History

The orc misses you.
The orc wizard hits you but does no damage.
You closely miss the orc wizard.
The orc wizard is heavily wounded.
The orc barely misses you. The orc hits you but does no damage.
The orc wizard hits you with a +0 dagger.
You hit the orc wizard.
The orc wizard is severely wounded.
The orc barely misses you.
You hit the orc wizard but do no damage.
The orc wizard is severely wounded.
The orc wizard gestures at you while chanting.
The magic dart hits you!
* * * LOW HITPOINT WARNING * * *
The orc misses you.
You hit the orc wizard.
The orc wizard is almost dead.
The orc wizard gestures at you while chanting.
The magic dart hits you!
You die...

###.##.####
##P#...#P##
#....>....#
#.P#...#P.#
#.?##.##.....
###.#P.P#
####
#####......##
#.....oo.#.#
#.@o.#.#
#.#.##.#
#.#.##.#
#.#..... #.
### #. #. #.


You could see an orc wizard and 2 orcs.

Vanquished Creatures
  A worker ant (D:4)
  5 adders
  2 oozes (D:1)
  A worm (D:2)
  3 dart slugs (D:1)
  5 leopard geckos
  10 orcs
  3 bats
  A giant cockroach (D:3)
  5 hobgoblins
  3 jackals (D:1)
  3 quokkas
  6 ball pythons (D:1)
  2 frilled lizards
  3 goblins (D:1)
  8 kobolds
  A leopard gecko zombie (D:3)
  4 rats
66 creatures vanquished.

Vanquished Creatures (others)
  An orc (D:2)
1 creature vanquished.

Grand Total: 67 creatures vanquished

Notes
Turn   | Place    | Note
-------+----------+-------------------------------------------
     0 | D:1      | Menchi the Kobold Assassin began the quest for the Orb.
     0 | D:1      | Reached XP level 1. HP: 12/12 MP: 1/1
   105 | D:1      | Reached XP level 2. HP: 17/17 MP: 2/2
   113 | D:1      | Reached skill level 6 in Stealth
   181 | D:1      | Reached XP level 3. HP: 21/21 MP: 3/3
   737 | D:1      | Reached XP level 4. HP: 16/26 MP: 4/4
  1618 | D:2      | Reached skill level 7 in Stealth
  2145 | D:3      | Reached XP level 5. HP: 26/30 MP: 5/5
  2802 | D:4      | Found a staircase to the Ecumenical Temple.
  2813 | Temple   | Entered the Ecumenical Temple
  2872 | Temple   | Became a worshipper of Dithmenos the Shadowed
  2935 | D:4      | Noticed Menkaure
  3194 | D:4      | Killed from afar by an orc wizard

Skill      XL: |  1  2  3  4 |
---------------+-------------+-----
Stealth        | 6 7 |  7.4
Short Blades   | 3 4 |  4.5
Dodging        | 2 |  2.7
Fighting       | |  2.1
Throwing       | |  2.1
Shields        | |  0.3

Action                   |  1- 3 |  4- 6 || total
-------------------------+-------+-------++-------
Melee: Dagger            |    92 |   157 ||   249
 Fire: Blowgun           |       |     3 ||     3
 Stab: Sleeping          |     6 |     8 ||    14
  Eat: Chunk             |     8 |     6 ||    14
Armor: Robe              |    17 |    19 ||    36
Dodge: Dodged            |    68 |    96 ||   164
